cohdb
Replays
Latest Replays
All Replays
Popular Replays
Top Player Replays
Match Explorer
How It Works
Community
CoH3 Stats
Reddit
Sign in to upload your games and track your stats! →
Sign in with Steam
Match 45308097
Unlisted
Match 45308097
Overview
Messages
Build Orders
End
Construct Section Command Post
Vickers Machine Gun Team
Selects Air and Sea Battlegroup
Infantry Section
Vickers Machine Gun Team
Grenade Package
Construct Field Infirmary
Selects Supply Surplus
Construct Resource Cache
Selects UNKNOWN (223837)
Infantry Section
Construct Field Infirmary
Construct Resource Cache
Forward Retreat Point
Construct Platoon Command Post
Selects Commando Section Paradrop
Selects M1 Pack Howitzer Paradrop
Sajmix
Clarence Claymore
CPU - VERY EASY
hahaha
ira88
jigsaw
Orchid
astartes42
0
0
Comments
sign in to comment!
No comments posted yet!